 Dungeon Crawl Stone Soup version 0.28.0 (webtiles) character file.

Game seed: 17476165659843541114

113 sanka the Magician (level 4, 0/24 HPs)
             Began as a Deep Elf Transmuter on Feb 8, 2022.
             Killed from afar by Natasha (8 damage)
             ... with a magic dart
             ... on level 2 of the Dungeon.
             The game lasted 00:04:32 (4138 turns).

sanka the Magician (Deep Elf Transmuter)            Turns: 4138, Time: 00:04:32

Health: 0/24       AC:  5    Str:  7    XL:     4   Next: 65%
Magic:  13/14      EV: 10    Int: 20    God:
Gold:   161        SH:  0    Dex: 15    Spells: 15/16 levels left

rFire   . . .      SeeInvis .     - Unarmed
rCold   . . .      Faith    .   (no shield)
rNeg    . . .      Spirit   .   c - +0 ring mail
rPois   .          Reflect  .   (helmet currently unavailable)
rElec   .          Harm     .   (no cloak)
rCorr   .          Rampage  .   (no gloves)
Will    .....                   (boots currently unavailable)
Stlth   +.........              (no amulet)
HPRegen 0.08/turn               (no ring)
MPRegen 0.14/turn               (no ring)

@: appendages (expiring), slowed, very slow
A: horns 2, talons 2
a: End Transformation


You were on level 2 of the Dungeon.
You had temporarily grown beastly horns and talons.
You visited 1 branch of the dungeon, and saw 3 of its levels.

You collected 161 gold pieces.

Inventory:

Armour
 a - a +0 robe
 c - a +0 ring mail (worn)
Scrolls
 b - 4 scrolls of identify {unknown}
 f - 2 scrolls of teleportation {unknown}
 g - a scroll of blinking {unknown}
 h - a scroll of enchant armour {unknown}
 j - a scroll of vulnerability {unknown}
Potions
 d - a potion of curing {unknown}
 e - 2 potions of heal wounds {unknown}
 i - a potion of brilliance {unknown}


   Skills:
 - Level 0.7 Fighting
 - Level 2.4 Dodging
 - Level 2.4 Unarmed Combat
 + Level 6.7 Spellcasting
 - Level 2.1 Transmutations


You had 15 spell levels left.
You knew the following spells:

 Your Spells              Type           Power      Damage    Failure   Level
a - Beastly Appendage     Tmut           30%        N/A       14%         1

Your spell library contained the following spells:

 Spells                   Type           Power      Damage    Failure   Level
 Wereblood                Tmut           15%        N/A       22%         2
 Spider Form              Tmut/Pois      11%        N/A       54%         3
 Ice Form                 Ice/Tmut       11%        N/A       91%         4


Dungeon Overview and Level Annotations

Branches:
Dungeon (3/15)

Altars:

Annotations:
D:2 Natasha


Innate Abilities, Weirdness & Mutations

You have temporarily grown beastly horns and talons.


Message History

Natasha claws you but does no damage.
You hit Natasha.
Natasha is moderately wounded.
Natasha barely misses you.
Natasha mumbles some strange words.
You feel disoriented.
Natasha casts a spell.
Natasha barely misses you.
There is a shaft here.
Natasha claws you.
Natasha stares at you and mumbles some strange words.
You resist with some effort. Natasha casts a spell at you.
You feel yourself slow down. Natasha closely misses you.
There is a stone staircase leading up here.
Natasha closely misses you.
You climb upwards.
The white imp disappears in a puff of smoke!
There is a stone staircase leading down here.
Unknown command.
You grow a pair of large bovine horns.
Your feet morph into talons.
Natasha closely misses you. Natasha casts a spell at you.
The magic dart hits you.
You miss Natasha.
Natasha is moderately wounded.
Natasha claws you!
You barely miss Natasha. You claw Natasha, but do no damage.
Your headbutt misses Natasha.
Natasha is moderately wounded.
Your transformation is almost over.
Natasha claws you. Natasha casts a spell at you.
You feel as though you will be slow longer.
You barely miss Natasha. You claw Natasha, but do no damage.
Natasha is moderately wounded.
Natasha casts a spell at you. The magic dart hits you!
You die...

########## ########
#........# #......#
#.######.###.####.#
#.###.............#
...##.##.#.#.###..#
......##........@.#######
...#####.....###.h......#
...# #....## ########.#
..######.#.## #.#
.........#.# #.#
.#########.# #.# ..#
##'## #.# #.# ##...## #.#
..# ##.....## ####.#


You could see Natasha.

Vanquished Creatures
  A hound (D:3)
  3 adders
  A dart slug (D:2)
  3 ball pythons (D:1)
  A bat (D:1)
  5 endoplasms
  2 giant cockroaches
  7 goblins
  11 hobgoblins
  6 quokkas
  2 frilled lizards
  3 kobolds
  5 rats
50 creatures vanquished.

Notes
Turn   | Place    | Note
-------+----------+-------------------------------------------
     0 | D:1      | sanka the Deep Elf Transmuter began the quest for the Orb.
     0 | D:1      | Reached XP level 1. HP: 11/11 MP: 6/6
   294 | D:1      | Reached skill level 4 in Spellcasting
   294 | D:1      | Reached XP level 2. HP: 16/16 MP: 7/9
  1177 | D:2      | Reached XP level 3. HP: 19/20 MP: 9/11
  1183 | D:2      | Reached skill level 5 in Spellcasting
  2947 | D:3      | Noticed a necrophage
  3228 | D:3      | Reached XP level 4. HP: 13/24 MP: 13/13
  3556 | D:3      | Reached skill level 6 in Spellcasting
  4114 | D:3      | Noticed Natasha
  4138 | D:2      | Killed from afar by Natasha

Illustrated notes

Levels and vault maps discovered:
D:1:      pf_arrival_petrified_forest, layout_rooms, skrybe_limestone_x,
          minmay_pentomino_r2
D:2:      layout_loops_corners
D:3:      layout_loops_cross, lemuel_flame_loot_1, uniq_natasha

Skill      XL: |  1  2  3  4 |
---------------+-------------+-----
Spellcasting   | 4 5 6 |  6.7
Fighting       | |  0.7
Dodging        | |  2.4
Unarmed Combat | |  2.4
Transmutations | |  2.1

Action                   |  1- 3 |  4- 6 || total
-------------------------+-------+-------++-------
Melee: Unarmed           |   151 |    39 ||   190
       Headbutt          |    21 |     4 ||    25
       Kick              |    31 |    11 ||    42
       Punch             |     4 |     1 ||     5
 Cast: Beastly Appendage |    30 |     8 ||    38
Armor: Ring mail         |    56 |     9 ||    65
Dodge: Dodged            |    60 |    21 ||    81
